 Dungeon Crawl Stone Soup version 0.26.1-11-gd32895ea62 (webtiles) character file.

Game seed: 13566440238958523762

191 Artemis the Insei (level 5, 0/34 HPs)
             Began as an Octopode Transmuter on June 22, 2021.
             Was a Follower of Sif Muna.
             Killed by divine providence
             ... invoked by an orc priest
              (11 damage)
             ... on level 3 of the Dungeon.
             The game lasted 00:19:16 (4412 turns).

Artemis the Insei (Octopode Transmuter)             Turns: 4412, Time: 00:19:16

Health: 0/34       AC:  1    Str: 10    XL:     5   Next: 70%
Magic:  8/8        EV: 13    Int: 16    God:    Sif Muna [*.....]
Gold:   185        SH:  0    Dex: 12    Spells: 5/8 levels left

rFire    . . .     SeeInvis .   d - +1 dagger
rCold    + . .     Faith    .   (no shield)
rNeg     . . .     Spirit   .   (helmet restricted)
rPois    .         Reflect  .   (no amulet)
rElec    .         Harm     .   o - ring of protection from cold
rCorr    .         Rampage  .   (no ring)
Will     .....                  (no ring)
Stlth    +++.......             (no ring)
HPRegen  0.11/turn              (no ring)
MPRegen  0.11/turn              (no ring)
                                (no ring)
                                (no ring)

@: no status effects
A: almost no armour, stealthy swim, amphibious, 8 rings, constrict 8, camouflage
1, gelatinous body 1
a: Renounce Religion, Channel Magic


You were on level 3 of the Dungeon.
You worshipped Sif Muna.
Sif Muna was aware of your devotion.
You visited 1 branch of the dungeon, and saw 3 of its levels.

You collected 185 gold pieces.

Inventory:

Hand Weapons
 b - a +0 whip
 d - a +1 dagger (weapon)
 m - a +2 hunting sling of flaming
 q - a +0 short sword
Missiles
 a - 54 stones
 c - 6 boomerangs
 g - 20 bolts
Jewellery
 o - a ring of protection from cold (left tentacle)
Scrolls
 e - a scroll of teleportation
 f - 2 scrolls of enchant armour
 i - a scroll of remove curse
 k - a scroll of enchant weapon
 p - a scroll of fog {unknown}
 r - a scroll of amnesia {unknown}
 s - a scroll of fear {unknown}
Potions
 h - 3 potions of attraction {unknown}
 j - a potion of heal wounds {unknown}
 l - a potion of might {unknown}
 n - 2 potions of curing {unknown}


   Skills:
 + Level 2.0 Fighting
 + Level 1.5 Short Blades
 + Level 1.2 Slings
 + Level 2.4 Dodging
 + Level 2.9 Stealth
 + Level 3.4 Unarmed Combat
 + Level 2.4 Spellcasting
 + Level 3.0 Transmutations


You had 5 spell levels left.
You knew the following spells:

 Your Spells              Type           Power        Failure   Level
a - Beastly Appendage     Tmut           22%          5%          1
b - Wereblood             Tmut           11%          9%          2

Your spell library contained the following spells:

 Spells                   Type           Power        Failure   Level
 Spider Form              Tmut/Pois      3%           32%         3
 Ice Form                 Ice/Tmut       6%           71%         4
 Blade Hands              Tmut           5%           83%         5


Dungeon Overview and Level Annotations

Branches:
Dungeon (3/15)

Altars:
Gozag
Nemelex Xobeh
Sif Muna


Innate Abilities, Weirdness & Mutations

You cannot wear most types of armour.
You are very stealthy in the water. (Stealth+)
You are amphibious.
You can wear up to eight rings at the same time.
You can use your tentacles to constrict eight enemies at once.
Your skin changes colour to match your surroundings (Stealth+).
Your rubbery body absorbs attacks. (AC +1, EV +1)


Message History

Things that are here:
a +0 hand axe; a quokka corpse; an orc corpse You barely miss the orc priest.
Your grab misses the orc priest. You squeeze the orc priest.
The orc priest is heavily wounded.
The orc priest barely misses you.
You hit the orc priest. Your grab misses the orc priest.
The orc priest is heavily wounded.
The orc priest calls down the wrath of Beogh upon you.
Pain shoots through your body!
You closely miss the orc priest. You grab the orc priest.
The orc priest is heavily wounded.
You constrict the orc priest.
The orc priest hits you but does no damage.
You hit the orc priest.
The orc priest is severely wounded.
You constrict the orc priest.
The orc priest calls down the wrath of Beogh upon you.
Beogh smites you!
You die...

#.♣♣♣♣♣♣≈♣♣♣ #.#
♣≈♣ #.# ♣≈♣ ♣
#######.####♣♣≈♣♣♣
#.)....>....♣♣.P♣+
#)############.#.#
#.# #.... #.#
##### #@# # #o# #
#.# # #.### #...##
#....#
PPP≈≈≈((...#
≈≈≈≈≈≈.....#
P≈≈≈P≈≈...##


You could see an orc priest.

Vanquished Creatures
  An orc priest (D:3)
  An orc wizard (D:3)
  4 adders
  6 worms
  A dart slug (D:2)
  4 leopard geckos
  6 orcs (D:3)
  4 giant cockroaches
  7 goblins
  4 hobgoblins
  4 jackals (D:3)
  6 kobolds
  2 quokkas
  10 bats
  3 frilled lizards
  6 rats
69 creatures vanquished.

Vanquished Creatures (others)
  40 plants (D:3)
40 creatures vanquished.

Grand Total: 109 creatures vanquished

Notes
Turn   | Place    | Note
-------+----------+-------------------------------------------
     0 | D:1      | Artemis the Octopode Transmuter began the quest for the
                  | Orb.
     0 | D:1      | Reached XP level 1. HP: 13/13 MP: 3/3
   327 | D:1      | Reached XP level 2. HP: 15/18 MP: 3/5
   375 | D:1      | Learned a level 2 spell: Wereblood
  1466 | D:2      | Reached XP level 3. HP: 17/23 MP: 4/6
  1636 | D:2      | Reached skill level 1 in Stealth
  2176 | D:2      | Reached XP level 4. HP: 28/28 MP: 7/7
  2632 | D:3      | Found a shimmering blue altar of Sif Muna.
  2651 | D:3      | Became a worshipper of Sif Muna the Loreminder
  3273 | D:3      | Reached skill level 1 in Short Blades
  3273 | D:3      | Reached XP level 5. HP: 14/33 MP: 6/8
  3889 | D:3      | Found an opulent altar of Gozag.
  3889 | D:3      | Found a sparkling altar of Nemelex Xobeh.
  4281 | D:3      | Reached skill level 1 in Slings
  4403 | D:3      | Reached * piety under Sif Muna
  4412 | D:3      | Killed from afar by an orc priest

Illustrated notes

Levels and vault maps discovered:
D:1:      dpeg_arrival_rhombi, layout_basic
D:2:      layout_basic
D:3:      layout_basic, grunt_temple_overflow_opulence, lemuel_blue_sif_altar,
          serial_bayou, serial_bayou_crossing, serial_bayou_shore_b,
          serial_bayou_shore_a, serial_bayou_lagoon_a, serial_bayou_lake_a

Skill      XL: |  1  2  3  4  5 |
---------------+----------------+-----
Stealth        | 2 |  2.9
Short Blades   | 1 |  1.5
Transmutations | 3 |  3.0
Slings         | 1 |  1.2
Fighting       | 2 |  2.0
Dodging        | |  2.4
Unarmed Combat | |  3.4
Spellcasting   | |  2.4

Action                   |  1- 3 |  4- 6 || total
-------------------------+-------+-------++-------
Melee: Unarmed           |     8 |       ||     8
       Dagger            |    86 |    80 ||   166
       Kick              |    17 |    13 ||    30
       Constrict         |    25 |    26 ||    51
       Tentacles         |    17 |    15 ||    32
       Punch             |       |     1 ||     1
 Fire: Hunting sling     |       |    32 ||    32
 Cast: Beastly Appendage |    16 |     8 ||    24
  Use: Scroll            |     6 |     1 ||     7
 Stab: Sleeping          |     7 |     3 ||    10
Armor: Skin              |    16 |     6 ||    22
Dodge: Dodged            |    71 |    28 ||    99
